 Dungeon Crawl Stone Soup version 0.29.1-15-g9cfb28693d (webtiles) character file.

Game seed: 5658227137134275382

5 leafyfresh the Sneak (level 1, -2/16 HPs)
             Began as an Octopode Delver on Mar 4, 2023.
             Slain by an orc
             ... wielding a +0 club
              (5 damage)
             ... on level 5 of the Dungeon.
             The game lasted 00:00:25 (243 turns).

leafyfresh the Sneak (Octopode Delver)               Turns: 243, Time: 00:00:26

Health: -2/16      AC:  1    Str: 11    XL:     1   Next: 80%
Magic:  1/1        EV: 13    Int: 12    God:
Gold:   13         SH:  0    Dex: 13    Spells: 0/0 levels left

rFire   . . .      SeeInvis .   a - +0 short sword
rCold   . . .      Faith    .   (no shield)
rNeg    . . .      Spirit   .   (helmet restricted)
rPois   .          Reflect  .   (no amulet)
rElec   .          Harm     .   (no ring)
rCorr   .          Rampage  .   (no ring)
Will    .....                   (no ring)
Stlth   ++++......              (no ring)
HPRegen 0.05/turn               (no ring)
MPRegen 0.07/turn               (no ring)
                                (no ring)
                                (no ring)

@: no status effects
A: almost no armour, amphibious, 8 rings, camouflage 1, gelatinous body 1,
(nimble swimmer 1), tentacles
a: no special abilities


You were on level 5 of the Dungeon.
You visited 1 branch of the dungeon, and saw 2 of its levels.

You collected 13 gold pieces.

Inventory:

Hand Weapons
 a - a +0 short sword (weapon)
Wands
 f - a wand of digging (3)
Scrolls
 b - a scroll of fog
 c - a scroll of magic mapping
 d - a scroll of fear
Potions
 e - a potion of haste
 g - a potion of attraction {unknown}
 h - 2 potions of heal wounds {unknown}


   Skills:
 + Level 3.1 Fighting
 - Level 2.0 Short Blades
 + Level 2.1 Dodging
 + Level 6.7 Stealth


You couldn't memorise any spells.
You didn't know any spells.
Your spell library was empty.

Dungeon Overview and Level Annotations

Branches:
Dungeon (5/15)
 Temple: D:4-7

Altars:


Innate Abilities, Weirdness & Mutations

You cannot wear most types of armour.
You are amphibious.
You can wear up to eight rings at the same time.
Your skin changes colour to match your surroundings (Stealth+).
Your rubbery body absorbs attacks. (AC +1, EV +1)
((You are camouflaged when in or above water. (Stealth+)))
You have tentacles for arms and can constrict up to eight enemies at once.


Message History

Found a +0 short sword.
There is a stone staircase leading up here.
An orc comes into view. It is wielding a +0 falchion.
The orc shouts!
You hit the orc. Your grab misses the orc.
The orc is almost dead.
You hear a shout! x2
The orc hits you with a +0 dagger. The orc hits you with a +0 hand axe.
The orc hits you with a +0 dagger.
You climb upwards.
You hear the sound of rushing water.
There is an entrance to a sewer on this level.
Hurry and find it before the portal rusts away!
Found a short sword.
Found an escape hatch in the floor.
There is a stone staircase leading down here.
You closely miss the orc. You grab the orc. You squeeze the orc.
You kill the orc!
The orc hits you with a +0 hand axe.
You are too injured to fight recklessly!
You are too injured to fight recklessly!
You are too injured to fight recklessly!
Unknown command.
You hit the orc but do no damage. You grab the orc. You squeeze the orc!
You kill the orc!
You see here a +0 hand axe.
There is a stone staircase leading down here.
You start resting.
You hear the slow rusting of a drain very nearby.
You start resting.
You hear the slow rusting of a drain very nearby.
You start resting.
You hear the slow rusting of a drain very nearby.
You start resting.
HP restored.
You climb downwards.
The adder barely misses you. The adder bites you.
The orc hits you with a +0 falchion.
There is a stone staircase leading up, spattered with blood here.
The adder barely misses you. The orc hits you with a +0 falchion.
* * * LOW HITPOINT WARNING * * *
The orc hits you with a +0 club.
You die...

.. ##... )......
#.####..## .......
#......... ..!....###
##.####.##. .........##
#..#....##.
..........####....#####.
.o....<.....#...## ##..
........S........####...
.?.....@o....#.#........
......#o....##..........
..##...........##.......
........................
.......o....$...####....
........$.....#.........
....(...................
...............##.##..#.
...........>...# .#


You could see an adder and 4 orcs.

Vanquished Creatures
  2 orcs (D:4)
  A quokka (D:5)
3 creatures vanquished.

Notes
Turn   | Place    | Note
-------+----------+-------------------------------------------
     0 | D:5      | leafyfresh the Octopode Delver began the quest for the Orb.
     0 | D:5      | Reached XP level 1. HP: 16/16 MP: 1/1
   243 | D:5      | Slain by an orc

Illustrated notes

Levels and vault maps discovered:
D:4:      layout_basic, temple_green, portal_sewer_entry_d
D:5:      layout_rooms, grunt_temple_overflow_lords_of_destruction,
          overflow_temple_1_default, chequers_arboretum

Action                   || total
-------------------------++-------
Melee: Short sword       ||     4
       Constrict         ||     2
       Tentacles         ||     2
 Stab: Sleeping          ||     1
Dodge: Dodged            ||     2
